[Event "1st Caplin Menchik Memorial 2022"]
[Site "London"]
[Date "2022.06.19"]
[Round "2.5"]
[White "Varney, Zoe"]
[Black "Hunt, Harriet V"]
[Result "0-1"]
[ECO "A13"]
[WhiteElo "2046"]
[BlackElo "2395"]
[Annotator "TA"]
[PlyCount "76"]
[EventDate "2022.06.21"]
[EventType "tourn"]
[EventCountry "ENG"]
[SourceTitle "playchess.com"]
[Source "ChessBase"]
[SourceQuality "1"]
[TimeControl "5400+30"]

1. e3 Nf6 2. Nf3 e6 3. b3 b6 4. Bb2 Bb7 5. c4 d5 6. Nc3 {[%emt 0:03:18] A13: English Opening: 1...e6.} a6 7. d4 Bd6 8. Be2 {[%emt 0:03:58] The position is equal.} Nbd7 9. O-O O-O 10. Qc2 Qe7 11. Rfd1 Rac8 12. Rac1 Rfe8 13. Qb1 dxc4 14. bxc4 e5 {[%emt 0:01:56] [#]} 15. dxe5 $146 ({Predecessor:} 15. Qf5 g6 16. Qg5 exd4 17. exd4 Ba3 18. Bxa3 Qxa3 19. Ne5 Kg7 20. h4 Qe7 21. f4 {½-½ (50) Dreev,A (2670)-Nihal,S (2576) St Petersburg 2018}) 15... Nxe5 16. Nd5 Nxd5 17. cxd5 Ng6 18. Ba1 (18. g3 $14) 18... b5 19. a4 ({Don't play} 19. Qb2 f6 $11) 19... b4 $1 20. Qb2 {[%emt 0:00:51][%csl Ga1][%cal Rb2g7] [#]} f6 21. Qd4 Ra8 22. Bd3 Bc8 23. a5 Bd7 24. Nh4 Qe5 25. Nxg6 $2 (25. Qxe5 $1 $11 Nxe5 26. Bf5) 25... Qxh2+ $19 26. Kf1 {[%emt 0:00:01] And now Nh4 would win.} hxg6 {[%emt 0:00:25] Really sharp!} 27. Bxg6 (27. Ke2 Re5 28. Rh1 Qxg2 29. Rcg1 Qxd5 30. Qxd5+ Rxd5 31. Be4 Bb5+ 32. Kf3 Rf5+ 33. Bxf5 gxf5 34. Rh5) 27... Bb5+ 28. Bd3 Re5 {[%emt 0:00:58] Hoping for ...Rg5.} 29. Bxb5 axb5 30. Qg4 Qh1+ (30... Rg5 $19 {and Black stays clearly on top.} 31. Qh3 Qxh3 32. gxh3 Rxa5) 31. Ke2 $17 Qh5 32. Qxh5 Rxh5 33. g4 {[%emt 0:00:50] [#]} Rh2 (33... Rg5 $1 $17 34. f3 Rxa5) 34. Rg1 (34. g5 $15) 34... Rxa5 {[%emt 0:00:47] Threatens to win with ...Ra2+.} 35. Rc2 {[%emt 0:01:03] Prevents Ra2. This costs White the game.} (35. Kf3 $17 {was called for.}) 35... b3 $19 36. Rd2 Bb4 37. Rd4 (37. Rb2 Bc3 38. Rbb1 Ra2+ 39. Kd3 Bxa1 40. Rxa1) 37... Ra2+ 38. Kd3 b2 {[%emt 0:00:53] Weighted Error Value: White=0.48/Black=0.29 (precise)} 0-1

[Event "1st Caplin Menchik Memorial 2022"]
[Site "London"]
[Date "2022.06.20"]
[Round "3.1"]
[White "Hunt, Harriet V"]
[Black "Yao, Lan"]
[Result "0-1"]
[ECO "B48"]
[WhiteElo "2395"]
[BlackElo "2276"]
[Annotator "TA"]
[PlyCount "70"]
[EventDate "2022.06.21"]
[EventType "tourn"]
[EventCountry "ENG"]
[SourceTitle "playchess.com"]
[Source "ChessBase"]
[SourceQuality "1"]
[TimeControl "5400+30"]

1. e4 c5 2. Nf3 e6 3. d4 cxd4 4. Nxd4 Nc6 5. Nc3 Qc7 6. Be3 a6 7. Bd3 Nf6 8. O-O Nxd4 9. Bxd4 Bc5 10. Be2 {[%emt 0:02:18] Black must now prevent e5. B48: Sicilian: Taimanov: 5 Nc3 Qc7 6 Be3 a6 without Be2.} (10. Bxf6 $5 gxf6 11. Qg4 $14) 10... d6 {[%emt 0:00:39] Inhibits e5. 10...e5 is vanishing.} 11. Kh1 (11. Bxf6 $14 gxf6 12. Qd2) 11... e5 $11 12. Bxc5 {[%emt 0:00:14] The position is equal.} Qxc5 13. Qd3 Be6 14. Rad1 Rd8 15. f4 exf4 16. Rxf4 Qe5 {[%emt 0:09:50] [#]} 17. Rdf1 $146 (17. Rff1 $11 {might be stronger.}) ({Predecessor:} 17. Rf2 O-O 18. Bf3 Rd7 19. Rfd2 Qg5 20. Qd4 Rfd8 21. a4 h6 22. Qf2 {1-0 (47) Fressinet,L (2575)-Landenbergue,C (2401) Lausanne 2001}) 17... O-O 18. Qg3 Kh8 19. a4 Nh5 20. Bxh5 Qxh5 21. Qe3 Qe5 22. Qb6 {[%emt 0:01:30] Prevents b5.} Rd7 23. Qf2 Rc8 24. Rf3 b5 25. axb5 axb5 26. Re1 h6 27. Rd3 Rc4 28. Rde3 {[%emt 0:02:00] [#]} Rdc7 $1 {[%emt 0:02:46] Threatens to win with ...b4. Black is more active.} 29. R3e2 (29. R1e2 $17 {was worth a try.}) 29... b4 $19 30. Na4 (30. Na2 $17) 30... Bg4 31. Rd2 Rxe4 32. Rxe4 Qxe4 33. b3 (33. Rd4 $142 Qxc2 34. Qxc2 Rxc2 35. Kg1) 33... Re7 {[%emt 0:02:13] ( -> ...Qe1+)} 34. h3 $2 (34. h4) 34... Bxh3 $1 35. Rxd6 {[%emt 0:00:17] [#]} Bxg2+ $1 {[%emt 0:01:17][%mdl 512] Weighted Error Value: White=0.63/Black=0.04 (flawless)} 0-1

[Event "1st Caplin Menchik Memorial 2022"]
[Site "London"]
[Date "2022.06.20"]
[Round "3.2"]
[White "Vidic, Teja"]
[Black "Varney, Zoe"]
[Result "0-1"]
[ECO "C89"]
[WhiteElo "2168"]
[BlackElo "2046"]
[Annotator "TA"]
[PlyCount "68"]
[EventDate "2022.06.21"]
[EventType "tourn"]
[EventCountry "ENG"]
[SourceTitle "playchess.com"]
[Source "ChessBase"]
[SourceQuality "1"]
[TimeControl "5400+30"]

1. e4 e5 2. Nf3 Nc6 3. Bb5 a6 4. Ba4 Nf6 5. O-O Be7 6. Re1 b5 7. Bb3 O-O 8. c3 d5 9. exd5 Nxd5 10. Nxe5 Nxe5 11. Rxe5 c6 12. d4 Bd6 13. Re1 Qh4 14. g3 Qh3 15. Be3 {[%emt 0:00:32] 15.Re4 is the fancy move.} (15. Bxd5 $5 cxd5 16. Qf3 $14) 15... Ra7 {[%emt 0:00:20] C89: Closed Ruy Lopez: Marshall Attack.} 16. Qd3 Re7 17. Nd2 Rfe8 $1 {[%emt 0:02:02][%cal Od6g3] ...Bxg3! is the strong threat. The position is equal.} 18. Bxd5 cxd5 $40 {[%emt 0:00:17][%mdl 128] Black mounts an attack.} 19. a4 f5 {[%emt 0:07:18][%cal Of5f4][%mdl 1024] Threatens to win with ...f4! Black has compensation.} 20. Qf1 (20. axb5 f4 21. bxa6 fxe3 22. Rxe3 Rxe3 23. fxe3 Bxg3 $1 $17) 20... Qh5 {[%emt 0:04:15][%cal Of5f4] [#] And now ...f4! would win.} 21. Qe2 $146 (21. axb5 $11 axb5 22. Bf4 (22. Qxb5 f4 $15) 22... Bxf4 23. Rxe7 Rxe7 24. gxf4) ({Predecessor:} 21. axb5 axb5 22. Qg2 f4 23. gxf4 Bxf4 24. Nf1 Bh3 25. Ng3 Bxg3 26. Qxg3 Re6 27. Kh1 {0-1 (33) Habibi,A (1986)-Sousa,A (2390) Tornelo INT 2021}) 21... Qg6 (21... Qxe2 $17 22. Rxe2 g5) 22. Qd3 $15 ({Don't play} 22. axb5 f4 23. bxa6 fxe3 24. fxe3 Bb8 $17) 22... Qh5 ({Black should try} 22... bxa4 $15 23. Nf3 (23. Rxa4 Qg4 $17) 23... Re4) 23. Nf1 $2 {[%emt 0:11:24] This move loses the game for White.} (23. axb5 $11 {and White stays safe.} f4 {[#]} 24. bxa6 $1) 23... f4 $1 $19 24. gxf4 Bxf4 25. Ng3 (25. axb5 $142 Bh3 26. Bd2) 25... Bxg3 26. hxg3 (26. fxg3 Qf3 27. Qf1 Qxf1+ 28. Kxf1 Rxe3 29. Rxe3 Rxe3 30. Kf2) 26... Bf5 27. Qf1 Bh3 28. Qe2 Bg4 29. f3 Bxf3 {[%emt 0:05:49] ( -> ...Qh1+)} 30. Qf1 Rxe3 31. Rxe3 Rxe3 32. axb5 Qh1+ {[%emt 0:01:03] Black mates.} 33. Kf2 Re2+ 34. Qxe2 Qg2+ {[%emt 0:00:04] Weighted Error Value: White=1.46/Black=0.65} 0-1

[Event "1st Caplin Menchik Memorial 2022"]
[Site "London"]
[Date "2022.06.20"]
[Round "3.3"]
[White "Koubova, Anna Marie"]
[Black "Hryshchenko, Kamila"]
[Result "0-1"]
[ECO "B06"]
[WhiteElo "2115"]
[BlackElo "2037"]
[Annotator "TA"]
[PlyCount "56"]
[EventDate "2022.06.21"]
[EventType "tourn"]
[EventCountry "ENG"]
[SourceTitle "playchess.com"]
[Source "ChessBase"]
[SourceQuality "1"]
[TimeControl "5400+30"]

1. d4 g6 2. e4 Bg7 3. Nc3 d6 4. g3 Nc6 5. Nge2 Bg4 6. Qd3 {[%emt 0:00:38] B06: Modern Defence.} a6 7. a3 {[%emt 0:02:04] Against Nb4} e5 8. d5 {[%emt 0:05:58] White is slightly better.} Nce7 {[%emt 0:01:06] [#]} 9. f3 $146 ({Predecessor:} 9. Bg2 h5 10. Be3 Nh6 11. f3 Bd7 12. O-O-O f6 13. Kb1 Nf7 14. Nc1 h4 15. f4 exf4 16. gxf4 {0-1 (46) Pluta,P (1903)-Malinin,Y (2253) Panevezys 2017}) 9... Bd7 10. g4 h5 11. g5 h4 (11... c6 $1 $11) 12. Be3 Nc8 13. a4 Nge7 14. Rg1 (14. Nd1 $16) 14... c5 (14... c6 $11 {keeps the balance.}) 15. dxc6 ({White should play} 15. Nd1 $16) 15... bxc6 $11 16. O-O-O Qa5 17. f4 Rb8 (17... Qb4 $5 ) 18. fxe5 Bxe5 19. Bd4 Rh5 (19... Bxh2 $14 20. Bxh8 Bxg1) 20. Bh3 (20. Bxe5 $142 Qxe5 21. Qe3 (21. Qxa6 Rxg5 22. Rxg5 Qxg5+ 23. Kb1 Qe5 $15)) 20... Bxh3 $16 21. Qxh3 Nb6 22. b3 (22. Bxe5 $16 Qxe5 23. Rg4) 22... Bxd4 23. Nxd4 c5 $1 24. Nde2 {[%emt 0:01:54] [#] aiming for Nf4.} c4 25. Nd5 {[%emt 0:00:24] Against Qb4} (25. Rg4 $11) 25... Nbxd5 $17 26. exd5 Qb4 ({Much weaker is} 26... Nxd5 27. bxc4 Ne7 28. Qe3 $11 (28. Qd3 Rxg5 29. Qxd6 Qe5 $11)) (26... cxb3 $17 {...b2+ is the strong threat.} 27. cxb3 Nf5) 27. Qc3 (27. Kb2 $11) 27... cxb3 28. cxb3 {[%emt 0:00:50] [#]} (28. Rd4 $17 Qxc3 29. Nxc3) 28... Rc8 {[%emt 0:00:16] Weighted Error Value: White=0.67/Black=0.29 (precise)} 0-1

[Event "1st Caplin Menchik Memorial 2022"]
[Site "London"]
[Date "2022.06.20"]
[Round "3.4"]
[White "Dworakowska, Joanna"]
[Black "Toma, Katarzyna"]
[Result "1/2-1/2"]
[ECO "B33"]
[WhiteElo "2321"]
[BlackElo "2304"]
[Annotator "TA"]
[PlyCount "63"]
[EventDate "2022.06.21"]
[EventType "tourn"]
[EventCountry "ENG"]
[SourceTitle "playchess.com"]
[Source "ChessBase"]
[SourceQuality "1"]
[TimeControl "5400+30"]

1. e4 c5 2. Nf3 Nc6 3. d4 cxd4 4. Nxd4 Nf6 5. Nc3 e5 6. Ndb5 d6 7. Nd5 Nxd5 8. exd5 Ne7 9. c3 Nf5 10. a4 g6 11. Bd3 Bg7 {[%emt 0:00:42] B33: Sicilian: Pelikan and Sveshnikov Variations.} 12. O-O O-O 13. Qb3 Re8 {[%emt 0:02:14] The position is equal.} 14. Qb4 Bd7 15. Re1 (15. Nxd6 $2 Nxd6 16. Re1 (16. Qxd6 $2 Bf8 $19) 16... Qb6 $19) 15... b6 {[%emt 0:12:52] [#]} 16. Bd2 $146 ({Avoid the trap} 16. Nxd6 $2 Nxd6 17. a5 (17. Qxd6 $2 Bf8 $19) 17... Nb7 18. axb6 Bf8 $19) ({Predecessor:} 16. Bxf5 Bxf5 17. Be3 a6 18. Na3 Rb8 19. Red1 Qc7 20. Nc4 a5 21. Qb3 Bd7 22. Na3 {½-½ (40) Poleshchuk,N (2424)-Nekhaev,A (2528) ICCF email 2009}) 16... a5 17. Qb3 Rb8 (17... Bxb5 $5 18. Bxb5 (18. Qxb5 Bh6 $11) 18... Re7 $14) 18. Re4 ({Much worse is} 18. g4 Nh4 19. Be2 Bxb5 20. Qxb5 e4 $15) 18... Rf8 19. Rae1 (19. Re2 $14 {is more appropriate.}) 19... Bxb5 20. Bxb5 Ne7 21. R4e2 {[%emt 0:08:40] White is much more active. The black rooks are badly placed.} f5 22. f4 e4 23. Be3 Kh8 24. g3 Ng8 25. Rg2 Rf7 26. Kf1 Nf6 27. h3 Nd7 28. Qc2 Rc8 29. Kg1 Nc5 30. Kh2 Re7 31. Qd1 Qf8 32. Reg1 {[%emt 0:01:44] Weighted Error Value: White=0.11 (very precise) /Black=0.11 (very precise)} 1/2-1/2

[Event "1st Caplin Menchik Memorial 2022"]
[Site "London"]
[Date "2022.06.20"]
[Round "3.5"]
[White "Schulze, Lara"]
[Black "Arakhamia-Grant, Ketevan"]
[Result "1/2-1/2"]
[ECO "B30"]
[WhiteElo "2303"]
[BlackElo "2354"]
[Annotator "TA"]
[PlyCount "55"]
[EventDate "2022.06.21"]
[EventType "tourn"]
[EventCountry "ENG"]
[SourceTitle "playchess.com"]
[Source "ChessBase"]
[SourceQuality "1"]
[TimeControl "5400+30"]

1. e4 c5 2. Nf3 Nc6 3. Bb5 e6 4. O-O Nge7 5. Re1 a6 6. Bf1 d5 7. exd5 Nxd5 8. d4 cxd4 9. Nxd4 Ndb4 {[%emt 0:02:54] Recently 9...Bd7 got a lot of attention. B30: Sicilian: 2...Nc6 3 Bb5, lines without ...g6.} 10. Nxc6 {[%emt 0:07:08][%csl Gc6][%cal Rd1d8] [#]} Qxd1 11. Rxd1 Nxc6 {[%emt 0:01:30] White is slightly better.} 12. Nd2 {[%emt 0:04:42] [#]} Be7 $146 ({Predecessor:} 12... e5 13. Nc4 Be6 14. Be3 Be7 15. Nd6+ Bxd6 16. Rxd6 O-O 17. Bb6 Rac8 18. c4 Ne7 {½-½ (55) Varga,Z (2442)-Mester,G (2389) Hungary 2017}) 13. Nc4 O-O ({Black should play} 13... e5 $14) 14. Bf4 $16 Bc5 {[%emt 0:06:28] Prevents Nb6.} 15. a4 Nb4 16. c3 {[%emt 0:10:03] White is more active.} Nd5 17. Bd6 Bxd6 18. Nxd6 Rd8 19. Nxc8 Raxc8 20. g3 Kf8 21. Rd4 Ke7 22. Bg2 b6 23. Rad1 Nc7 24. Kf1 a5 {[%emt 0:00:00] The position is equal.} 25. Ke2 Rxd4 26. Rxd4 Ne8 27. Kd3 Nd6 28. h4 {[%emt 0:08:47] Weighted Error Value: White=0.09 (flawless) /Black=0.07 (flawless)} 1/2-1/2

[Event "1st Caplin Menchik Memorial 2022"]
[Site "London"]
[Date "2022.06.21"]
[Round "4.1"]
[White "Yao, Lan"]
[Black "Arakhamia-Grant, Ketevan"]
[Result "1/2-1/2"]
[ECO "B30"]
[WhiteElo "2276"]
[BlackElo "2354"]
[Annotator "TA"]
[PlyCount "106"]
[EventDate "2022.06.21"]
[EventType "tourn"]
[EventCountry "ENG"]
[SourceTitle "playchess.com"]
[Source "ChessBase"]
[SourceQuality "1"]
[TimeControl "5400+30"]

1. e4 c5 2. Nf3 Nc6 3. Bb5 e5 4. Bxc6 dxc6 5. d3 Qc7 6. Nbd2 {[%emt 0:00:58] [#] B30: Sicilian: 2...Nc6 3 Bb5, lines without ...g6.} f6 $146 ({Predecessor:} 6... Be6 7. O-O Ne7 8. a4 Ng6 9. Ng5 Bd7 10. Nc4 Be7 11. Qh5 h6 12. Nxf7 Kxf7 13. f4 exf4 14. Bxf4 {1-0 (14) Vantika,A (2286)-Svicevic,R (2223) Chess.com INT 2020}) 7. Nc4 Be6 8. Bd2 O-O-O 9. Qe2 Ne7 10. a3 g5 11. h4 g4 12. Nh2 h5 $36 {[%emt 0:00:42][%mdl 2048] Black has good play.} 13. Nf1 Ng6 {[%emt 0:07:17] Strongly threatening ...Nf4.} 14. g3 {[%emt 0:02:43] Inhibits Nf4.} f5 15. Bg5 Be7 {[%emt 0:03:37] Threatens to win with ...Bxg5.} 16. Bxe7 (16. exf5 $14 {is the one way to stay ahead.} Bxf5 17. Bxe7 Qxe7 18. Nfd2 (18. Nfe3 Be6 $11)) 16... Nxe7 $17 17. Nfd2 {[%emt 0:10:12] [#]} f4 (17... b5 $142 $1 18. Ne3 (18. exf5 $2 Bd5 $17) 18... f4) 18. a4 Ng6 (18... b5 $17 19. axb5 cxb5) 19. a5 $15 Rhg8 20. Rg1 Rdf8 21. Rf1 Kb8 22. O-O-O b5 23. axb6 $1 axb6 {[%emt 0:00:04] White must now prevent ...b5.} 24. Nb3 Rd8 25. Qe1 Bxc4 26. dxc4 Rxd1+ 27. Qxd1 Nf8 28. Qe2 Nd7 29. Rd1 Nf6 30. Qd3 ({Of course not} 30. gxf4 exf4 31. e5 Nd7 $17) 30... Kb7 31. c3 Rg7 32. Qe2 Re7 (32... Qc8 {is interesting.} 33. Kc2 Qe6 34. Rd8 Rd7) 33. Kc2 Re6 34. Qd3 Ne8 ({Black should play} 34... Qf7 $15) 35. Qd7 $11 Re7 36. Qd3 (36. Qf5 $11 {feels stronger.}) 36... Rf7 (36... Kc8 {is more complex.} 37. Ra1 Rd7 38. Qe2 Kb7) 37. Nd2 Nd6 (37... Rd7 $15 38. Qe2 Rd8) 38. Nb3 {[%emt 0:02:10] [#] The position is equal.} fxg3 $1 39. fxg3 Rf2+ 40. Kb1 Rf6 41. Nd2 Qf7 42. Kc2 Qg6 43. Qe2 Rf7 44. Rf1 Rxf1 45. Qxf1 {[%emt 0:00:05][%mdl 4096] Endgame KQN-KQN} Qh6 (45... Nxe4 $2 46. Qd3 $18) 46. Qf2 Kc7 47. Kd3 Kd7 48. Kc2 Qg6 49. Kd3 Ke7 50. b3 Qh7 51. Qe3 Qg6 52. Qf2 Qg7 53. Ke2 Qg6 {[%emt 0:00:28] Weighted Error Value: White=0.13 (very precise) /Black=0.11 (very precise)} 1/2-1/2

[Event "1st Caplin Menchik Memorial 2022"]
[Site "London"]
[Date "2022.06.21"]
[Round "4.2"]
[White "Toma, Katarzyna"]
[Black "Schulze, Lara"]
[Result "0-1"]
[ECO "C45"]
[WhiteElo "2304"]
[BlackElo "2303"]
[Annotator "TA"]
[PlyCount "68"]
[EventDate "2022.06.21"]
[EventType "tourn"]
[EventCountry "ENG"]
[SourceTitle "playchess.com"]
[Source "ChessBase"]
[SourceQuality "1"]
[TimeControl "5400+30"]

1. e4 e5 2. Nf3 Nc6 3. d4 exd4 4. Nxd4 Nf6 5. Nxc6 bxc6 6. e5 Qe7 7. Qe2 Nd5 8. Bd2 {[%emt 0:01:51] C45: Scotch Game.} ({Better is} 8. c4 $11 Ba6 9. Nd2) 8... Qe6 (8... g6 $15) 9. a3 a5 (9... g6 $15) 10. Nc3 $11 {[%emt 0:02:07] [#] The position is equal.} Ba6 $146 ({Predecessor:} 10... Nb6 11. Qe4 d5 12. exd6 Qxe4+ 13. Nxe4 cxd6 14. O-O-O Bf5 15. Ng5 Be7 16. Re1 h6 {1-0 (43) Mazzetta,R (1925)-Nastro,F (1608) Torino 2011}) 11. Qe4 Bxf1 12. Rxf1 Be7 13. f4 Nxc3 14. Bxc3 f5 15. Qd3 d5 16. O-O-O O-O 17. g4 Kh8 18. g5 (18. a4 $16) 18... Rfd8 $1 $15 19. a4 (19. Be1 $1 $11) 19... c5 $1 {[%emt 0:03:37] Hoping for ...d4.} 20. b3 c4 21. bxc4 dxc4 22. Qe3 Qc6 23. Rxd8+ $1 Rxd8 24. e6 $1 (24. Bxa5 Qxa4 25. Kb2 Qb5+) 24... Ba3+ 25. Bb2 Bb4 26. Bd4 ({Don't play} 26. e7 Re8 27. Be5 (27. Qe5 $2 c3 $19) 27... Rxe7 $17) 26... Qxa4 {[%emt 0:02:29][%cal Oc4c3] aiming for ...c3!} 27. Qe5 Bf8 $40 {[%emt 0:00:28][%cal Oc4c3][%mdl 128] White needs to defend precisely.} 28. Re1 (28. Bb2 $11 Re8 29. Rd1 (29. Qxf5 Rb8 $17)) 28... c3 $1 $17 {[%emt 0:01:04] Dancing on a razor blade.} 29. Bxc3 {[%emt 0:01:58] And now e7 would win.} Ba3+ (29... Qa3+ $2 30. Bb2 Qe7 31. Qxf5 $18) 30. Bb2 (30. Kb1 Rb8+ 31. Bb2 Bxb2 32. Qxb2 Rxb2+ 33. Kxb2 Qb4+ 34. Ka1 Qxe1+ 35. Kb2 Qxe6 36. g6 Qb6+ 37. Kc1 a4 38. Kd2 a3 39. h3 a2 40. h4 Qd4+ 41. Ke2 a1=Q 42. Kf3 Qf1+ 43. Kg3 Qdxf4#) 30... Bxb2+ 31. Kxb2 $2 {[%emt 0:01:13][%mdl 8192] White does not recover from this.} (31. Qxb2 $17 Qxf4+ 32. Kb1) 31... Qb4+ $1 {[%emt 0:00:46] Black mates.} 32. Kc1 {[%emt 0:00:51] [#]} Qd2+ $1 33. Kb2 {[%emt 0:00:34] [#]} Rb8+ $1 34. Ka1 Qb4 {[%emt 0:00:35] Weighted Error Value: White=0.39/Black=0.11 (very precise)} 0-1

[Event "1st Caplin Menchik Memorial 2022"]
[Site "London"]
[Date "2022.06.21"]
[Round "4.3"]
[White "Hryshchenko, Kamila"]
[Black "Dworakowska, Joanna"]
[Result "1-0"]
[ECO "B02"]
[WhiteElo "2037"]
[BlackElo "2321"]
[Annotator "TA"]
[PlyCount "97"]
[EventDate "2022.06.21"]
[EventType "tourn"]
[EventCountry "ENG"]
[SourceTitle "playchess.com"]
[Source "ChessBase"]
[SourceQuality "1"]
[TimeControl "5400+30"]

1. e4 Nf6 2. d3 d5 3. e5 Nfd7 4. f4 c5 5. c3 Nc6 6. Nf3 {[%emt 0:00:25] [#] B02: Alekhine's Defence: Chase Variation and lines with early Nc3.} b5 $146 ({Predecessor:} 6... Nb6 7. h3 h5 8. g3 Bf5 9. Nh4 e6 10. Nd2 Be7 11. Ndf3 g6 12. Bg2 c4 13. Nxf5 gxf5 {0-1 (34) Cherniaev,A (2460)-Korneev,O (2602) Moscow 2012}) 7. Qb3 e6 8. Qxb5 {[%emt 0:03:28] White is slightly better.} Qc7 9. Be2 (9. g3 $14) 9... Be7 (9... c4 $1 $15 10. Qa4 (10. dxc4 $2 Nc5 $19) 10... Nc5) 10. Qa4 O-O 11. O-O f6 12. d4 cxd4 13. cxd4 (13. exf6 $1 $11 Nxf6 14. cxd4) 13... fxe5 $15 14. dxe5 Nb4 {[%emt 0:09:25] Against Qc2} (14... Qb6+ $15 {stays ahead.} 15. Kh1 Nc5) 15. Na3 (15. Nc3 $16) 15... Qb6+ $11 16. Kh1 Rb8 17. Nc2 Nxc2 18. Qxc2 Nc5 $1 19. Rb1 Ne4 20. g3 a5 21. Kg2 Ba6 {[%emt 0:04:14] [#]} 22. Be3 $1 Qxe3 23. Bxa6 Rb6 {[%emt 0:01:37] [#]} ({Black should try} 23... g5 $14) 24. Bd3 $1 $16 Rfb8 25. Rfe1 Qc5 26. Bxe4 (26. Qe2 {keeps more tension.} Qc6 27. Rec1 Nc5 28. Rc2) 26... dxe4 27. Qxe4 Rxb2+ 28. Rxb2 Rxb2+ 29. Re2 Rxe2+ 30. Qxe2 {[%emt 0:00:11][%mdl 4096] Endgame KQB-KQN} a4 31. Qe4 (31. g4 $16) 31... a3 ({Better is} 31... Qb5 $1 $14) 32. f5 (32. g4 $16) 32... exf5 $1 $11 33. Qxf5 Qc4 {[%emt 0:00:48] Prevents Qe6+.} 34. Qd7 $2 (34. Kh3 $11 {and White stays safe.}) 34... Qe2+ $2 ({Black should play} 34... Qxa2+ $19 35. Nd2 Bb4 36. Qd8+ Bf8) 35. Kh3 {[%emt 0:00:06] Black must now prevent Qe8+.} Qf1+ 36. Kg4 h5+ 37. Kf4 g5+ 38. Ke3 Bc5+ 39. Nd4 {[%emt 0:00:23] Strongly threatening Qd5+. Chess con chili.} Qe1+ 40. Kd3 Qxe5 41. Qc8+ Kh7 42. Qb7+ Kg6 43. Qc6+ Kf7 44. Qf3+ Qf6 $2 (44... Kg6 $11 45. Qc6+ Kf7 46. Qd7+ Kg6) 45. Qd5+ $18 Kg6 46. Qxc5 {[%emt 0:00:18] Ke4 is the strong threat.} Qf1+ 47. Ke4 {[%emt 0:01:41] White threatens Qc6+ and mate.} Qg2+ 48. Ke5 h4 49. Qc2+ {[%emt 0:00:39] Weighted Error Value: White=0.34/Black=0.59} 1-0

[Event "1st Caplin Menchik Memorial 2022"]
[Site "London"]
[Date "2022.06.21"]
[Round "4.4"]
[White "Varney, Zoe"]
[Black "Koubova, Anna Marie"]
[Result "1/2-1/2"]
[ECO "A06"]
[WhiteElo "2046"]
[BlackElo "2115"]
[Annotator "NA RC"]
[PlyCount "245"]
[EventDate "2022.06.21"]
[EventType "tourn"]
[EventCountry "ENG"]
[SourceTitle "playchess.com"]
[Source "ChessBase"]
[SourceQuality "1"]
[TimeControl "5400+30"]

1. e3 d5 2. Nf3 Nf6 3. c4 e6 4. b3 Bd6 5. Bb2 Nbd7 6. d4 c6 7. Bd3 Qe7 8. Ne5 Bb4+ 9. Nd2 Nxe5 10. dxe5 Nd7 11. O-O f6 12. Nf3 O-O 13. Qc2 f5 14. a3 Ba5 15. b4 Bd8 16. Nd2 b6 17. b5 Bb7 18. bxc6 Bxc6 19. cxd5 Bxd5 20. e4 Bb7 21. exf5 Rc8 22. Bc4 b5 23. Qb3 bxc4 24. Qxb7 Rb8 25. Qxa7 Rxb2 26. Nxc4 Rc2 27. Qa4 Re2 28. Qb5 Qc5 29. Qxd7 Qxc4 30. fxe6 Rxe5 31. Rae1 Rxe1 32. Rxe1 Qc5 33. Rf1 Qxa3 34. Rd1 Bb6 35. e7 Bxf2+ 36. Kh1 Bc5 37. exf8=Q+ Bxf8 38. Rf1 Qe7 39. Qd5+ Kh8 40. Qa8 Kg8 41. h3 h6 42. Qd5+ Kh8 43. Rf7 Qe8 44. Rd7 Qe1+ 45. Kh2 Qf2 46. Qe4 Qf6 47. Qd4 Qxd4 48. Rxd4 Kh7 49. Kg3 Be7 50. Kg4 Bf6 51. Rd6 Be5 52. Re6 Ba1 53. Kf5 Bb2 54. g4 Bc3 55. Re7 Bf6 56. Rf7 Bg5 57. Rc7 Bh4 58. Rc6 Bg5 59. Ke4 Bh4 60. Kf4 Kg8 61. Rc8+ Kh7 62. Kf5 Bg5 63. Rc2 Bh4 64. Re2 Bg5 65. Rh2 Bh4 66. Rh1 g6+ 67. Ke6 Kg7 68. Rd1 h5 69. Rg1 hxg4 70. hxg4 Kh6 71. Rh1 Kg5 72. Kf7 Kxg4 73. Kxg6 Bg3 74. Rc1 Kf4 75. Rc4+ Ke5 76. Kg5 Bf2 77. Kg4 Bd4 78. Kf3 Bg1 79. Re4+ Kd5 80. Kf4 Bh2+ 81. Kf5 Bb8 82. Re8 Bc7 83. Re7 Kd6 84. Re2 Bb8 85. Rd2+ Kc5 86. Ke4 Bg3 87. Rd5+ Kc6 88. Kd4 Bf2+ 89. Kc4 Bg1 90. Rg5 Bh2 91. Rg6+ Kc7 92. Kd5 Bf4 93. Rc6+ Kb7 94. Kc5 Be3+ 95. Kb5 Ba7 96. Rh6 Bb8 97. Rh7+ Ka8 98. Kb6 Bg3 99. Ra7+ Kb8 100. Rf7 Ka8 101. Rf3 Bh2 102. Rf1 Be5 103. Rf8+ Bb8 104. Rf7 Bh2 105. Ra7+ Kb8 106. Rg7 Ka8 107. Rg2 Bf4 108. Re2 Bg3 109. Ra2+ Kb8 110. Rg2 Bc7+ 111. Kc6 Bf4 112. Rg4 Bh2 113. Rg8+ Ka7 114. Rg7+ Ka8 115. Rg2 Bf4 116. Rf2 Bg3 117. Ra2+ Kb8 118. Ra3 Bf2 119. Rb3+ Ka8 120. Rf3 Bg1 121. Kc7 Bh2+ 122. Kc8 Bg1 123. Rf1 1/2-1/2